 Dungeon Crawl Stone Soup version 0.20.1-1-g8b1a95d (webtiles) character file.

62077 miragecloak the Black Belt (level 15, -21/99 HPs)
             Began as an Octopode Transmuter on Nov 27, 2017.
             Was a High Priest of Ashenzari.
             Shot with an arrow by Nessos (35 damage)
             ... on level 12 of the Dungeon on Feb 5, 2018.
             The game lasted 01:23:18 (34234 turns).

miragecloak the Black Belt (Octopode Transmuter)   Turns: 34234, Time: 01:23:18

Health: -21/99     AC:  1    Str: 10    XL:     15   Next: 5%
Magic:  29/31      EV: 28    Int: 15    God:    Ashenzari [*****.]
Gold:   847        SH:  7    Dex: 26    Spells: 11/24 levels left

rFire    . . .     SeeInvis +     - Unarmed
rCold    . . .     Gourm    .   q - +0 buckler (curse)
rNeg     . . .     Faith    .   (helmet restricted)
rPois    +         Spirit   .   (no amulet)
rElec    .         Reflect  .   u - ring of loudness (curse)
rCorr    .         Harm     .   w - +5 ring of evasion (curse)
MR       +....     Clarity  +   C - ring of stealth
Stlth    ++++......             R - +3 ring of dexterity (curse)
Regen    0.3/turn               E - ring of wizardry (curse)
MPRegen  0.3/turn               F - +4 ring of dexterity (curse)
                                D - ring of magical power
                                (no ring)

@: no status effects
A: almost no armour, stealthy swim, amphibious, 8 rings, constrict 8, tentacle
spike 1, repulsion field 1, camouflage 2, frail 1, mutation resistance 1, poison
resistance, wild magic 1, gelatinous body 1
a: Curse Item, Scrying, Transfer Knowledge, Renounce Religion


You were on level 12 of the Dungeon.
You worshipped Ashenzari.
Ashenzari was extremely pleased with you.
You were not hungry.

You visited 6 branches of the dungeon, and saw 27 of its levels.
You visited 1 bazaar.

You collected 1276 gold pieces.
You spent 429 gold pieces at shops.

Inventory:

Missiles
 a - 560 arrows
Armour
 q - a cursed +0 buckler (worn)
Jewellery
 b - an uncursed ring of ice
 u - a cursed ring of loudness (left tentacle)
 w - a cursed +5 ring of evasion (right tentacle)
 C - a ring of stealth (on tentacle)
 D - a ring of magical power (on tentacle)
 E - a cursed ring of wizardry (on tentacle)
 F - a cursed +4 ring of dexterity (on tentacle)
 R - a cursed +3 ring of dexterity (on tentacle)
 U - an uncursed ring of ice
Wands
 G - a wand of scattershot (6/9)
 J - a wand of disintegration (8/24)
 L - a wand of flame (14/48)
 M - a wand of digging (12/24)
Scrolls
 f - 10 scrolls of remove curse
 g - 12 scrolls of identify
 h - 2 scrolls of enchant weapon {unknown}
 k - a scroll of summoning {unknown}
 l - 4 scrolls of amnesia
 m - 3 scrolls of magic mapping
 n - 14 scrolls of teleportation
 o - a scroll of noise {unknown}
 r - a scroll of immolation {unknown}
 s - 2 scrolls of blinking
 y - a scroll of fog {unknown}
 I - a scroll of fear {unknown}
 K - 2 scrolls of vulnerability
 O - a scroll of brand weapon {unknown}
 T - 3 scrolls of recharging {unknown}
Potions
 e - 4 potions of heal wounds
 i - 2 potions of agility
 j - 7 potions of curing
 t - a potion of magic {unknown}
 v - 5 potions of flight
 x - a potion of lignification {unknown}
 z - a potion of resistance {unknown}
 A - a potion of might
 B - a potion of brilliance {unknown}
 H - 3 potions of mutation {unknown}
 N - 4 potions of berserk rage {unknown}
 P - 2 potions of invisibility
 S - 2 potions of haste {unknown}
Comestibles
 c - 13 bread rations
 d - 16 royal jellies
 p - 9 meat rations
 Q - 25 fruits
 V - 31 chunks of flesh


   Skills:
 - Level 13.0 Fighting
 - Level 8.1 Dodging
 - Level 4.2(6.7) Shields
 + Level 15.9 Unarmed Combat
 - Level 5.1 Spellcasting
 - Level 11.0(13.4) Transmutations
 - Level 4.2(6.7) Ice Magic
 - Level 3.0(5.3) Poison Magic


You had 11 spell levels left.
You knew the following spells:

 Your Spells              Type           Power        Failure   Level  Hunger
a - Beastly Appendage     Tmut           ######       1%          1    None
b - Spider Form           Tmut/Pois      #####.....   1%          3    ###....
c - Ice Form              Ice/Tmut       #####...     1%          4    ####...
d - Blade Hands           Tmut           ######....   1%          5    ######.


Dungeon Overview and Level Annotations

Branches:
Dungeon (15/15)            Temple (1/1) D:5            Lair (6/6) D:8
 Shoals (1/4) Lair:2        Snake (2/4) Lair:3        Slime (0/5) Lair:6
    Orc (2/2) D:12         Vaults (0/5) D:13
    Elf: Orc:2       Depths: D:15

Altars:
Ashenzari
Cheibriados
Dithmenos
Elyvilon
Fedhas
Gozag
Hepliaklqana
Kikubaaqudgha
Makhleb
Nemelex Xobeh
Okawaru
Qazlal
Ru
Sif Muna
Trog
Uskayaw
Vehumet
Xom
Yredelemnul
Zin
The Shining One

Shops:
D:10 (   D:12 [   D:13 :   D:14 (   Orc:1 (

Portals:
Trove: D:14 (give 7 potions of haste)

Annotations:
D:5 exclusion: door
D:6 2 exclusions
D:9 2 exclusions
D:12 exclusion: 3 doors, Azrael, Nessos
D:13 exclusion: downstairs
Lair:4 exclusion: 2 oklob plants
Lair:6 1 runed door
Orc:1 Harold


Innate Abilities, Weirdness & Mutations

You cannot wear most types of armour.
You are very stealthy in the water. (Stealth+)
You are amphibious.
You can wear up to eight rings at the same time.
You can use your tentacles to constrict eight enemies at once.
Your skin blends seamlessly with your surroundings (Stealth++).
Your rubbery body absorbs attacks. (AC +1, EV +1)
One of your tentacles bears a spike.
You are surrounded by a mild repulsion field. (EV +2)
You are frail. (-10% HP)
You are somewhat resistant to further mutation.
Your system is resistant to poisons. (rPois)
Your spells are a little harder to cast, but a little more powerful.


Message History

Nessos is lightly wounded.
Nessos blinks!
Nessos barely misses you.
You see here an arrow.
You closely miss Nessos.
Your tentacle spike misses Nessos.
Your tentacle-slap misses Nessos.
You squeeze Nessos, but do no damage.
Nessos is lightly wounded.
Nessos blinks!
Nessos wields an uncursed longbow of flaming.
It bursts into flame!
Nessos shoots an arrow.
The arrow hits you!
* * * LOW HITPOINT WARNING * * *
The arrow burns you!
* * * LOW HITPOINT WARNING * * *
You see here an arrow.
You feel much better.
Nessos shoots an arrow.
The arrow hits you!!
* * * LOW HITPOINT WARNING * * *
The arrow burns you.
* * * LOW HITPOINT WARNING * * *
Nessos shoots an arrow.
The arrow hits you!!
You die...

♣♣♣♣♣ #.'......#
#...... ###......#
######. ####'### ###..
### #..# #...# #.##
#(## #.### #..#
######'#### #.#
#####'######..§...(..#
###'###
.......##..+...(.....#
***#......
.......'..##/..(@....+,
, +......
.......#####......c..#
* *#...... .......#
#.........# #......
##'##### ######+####
#...... ##.# #.#
####### ...# #.# ##
.### #.# ###. ## #.#
#... # ### ##.# ###.##


You could see Nessos.

Vanquished Creatures
  Josephine (D:13)
  Fannar (Lair:2)
  7 hydras
  Erolcha (D:12)
  5 centaur warriors
  Erica (D:9)
  2 dancing weapons (D:13)
  A tengu warrior (D:13)
  A two-headed ogre (D:10)
  A fire crab (Lair:6)
  2 unseen horrors
  A lindwurm (Lair:6)
  An orc knight (D:12)
  A mana viper (Snake:2)
  4 cyclopes
  3 ugly things
  A salamander (Snake:2)
  Maurice (D:9)
  4 manticores
  16 elephants
  3 black mambas
  Joseph (D:9)
  A naga mage (Snake:1)
  2 torpor snails (Lair:6)
  5 spiny frogs
  A rime drake (Lair:2)
  7 komodo dragons
  A komodo dragon (shapeshifter) (D:14)
  2 polar bears
  3 trolls
  A queen bee (D:11)
  A tyrant leech (Lair:6)
  4 hornets (Lair:6)
  A slime creature (Lair:6)
  A snapping turtle (Shoals:1)
  13 hippogriffs
  A redback (D:13)
  A vampire (D:11)
  41 yaks
  6 wraiths
  A wyvern (Lair:4)
  5 basilisks
  8 vampire mosquitoes
  A hungry ghost (D:8)
  A warg (Orc:1)
  5 hell hounds
  2 acid dragons
  16 water moccasins
  13 porcupines
  10 orc warriors
  Duvessa (D:7)
  5 ice beasts
  3 black bears (D:8)
  3 necrophages
  4 sky beasts
  7 ogres
  12 centaurs
  3 phantoms
  A boggart (D:14)
  7 wolves (Lair:6)
  8 crocodiles
  A big kobold (D:9)
  16 bullfrogs
  Dowan (D:7)
  A wyvern skeleton (D:9)
  5 scorpions
  28 killer bees
  5 howler monkeys (D:13)
  5 wights (D:11)
  9 crimson imps
  3 centaur zombies
  3 quasits
  2 bullfrog zombies
  7 jellies
  10 orc priests
  A bullfrog skeleton (D:13)
  4 centaur skeletons
  8 hounds
  2 iguanas
  10 orc wizards
  2 hell rats (Lair:5)
  14 worker ants
  A hound skeleton (D:5)
  A worker ant zombie (D:7)
  16 adders
  A river rat (Lair:5)
  4 shadow imps
  An adder skeleton (D:9)
  4 worms
  4 dart slugs (D:1)
  12 leopard geckos
  80 orcs
  A ball python (Lair:3)
  8 giant cockroaches
  10 goblins
  9 hobgoblins
  7 jackals
  8 kobolds
  8 quokkas
  14 bats
  7 frilled lizards
  A leopard gecko skeleton (D:4)
  A quokka zombie (D:6)
  12 rats
614 creatures vanquished.

Vanquished Creatures (others)
  An orc wizard (D:5)
  39 fungi
  37 plants
77 creatures vanquished.

Grand Total: 691 creatures vanquished

Notes
Turn   | Place    | Note
-------+----------+-------------------------------------------
     0 | D:1      | miragecloak the Octopode Transmuter began the quest for the Orb.
     0 | D:1      | Reached XP level 1. HP: 13/13 MP: 3/3
    52 | D:1      | Reached XP level 2. HP: 5/18 MP: 3/5
   616 | D:1      | Reached XP level 3. HP: 20/23 MP: 4/6
   625 | D:1      | Learned a level 3 spell: Spider Form
  1033 | D:1      | Reached skill level 1 in Poison Magic
  1606 | D:2      | Reached XP level 4. HP: 28/28 MP: 1/7
  2638 | D:3      | Reached XP level 5. HP: 28/33 MP: 3/8
  3140 | D:4      | Reached skill level 4 in Unarmed Combat
  3442 | D:4      | Noticed an ogre
  3464 | D:4      | Killed an ogre
  3464 | D:4      | Reached skill level 5 in Unarmed Combat
  3464 | D:4      | Reached XP level 6. HP: 30/38 MP: 4/9
  4546 | D:5      | Entered Level 5 of the Dungeon
  4681 | D:5      | Found a staircase to the Ecumenical Temple.
  4732 | D:5      | Reached skill level 6 in Unarmed Combat
  4732 | D:5      | Reached XP level 7. HP: 43/43 MP: 5/10
  4733 | D:5      | Found a deep blue altar of Sif Muna.
  4758 | Temple   | Entered the Ecumenical Temple
  4830 | Temple   | Became a worshipper of Ashenzari the Shackled
  5409 | D:5      | Reached skill level 1 in Shields
  5978 | D:6      | Found a hazy altar of Hepliaklqana.
  6031 | D:6      | Reached skill level 7 in Unarmed Combat
  6031 | D:6      | Reached XP level 8. HP: 7/48 MP: 2/11
  6452 | D:6      | Reached * piety under Ashenzari
  6549 | D:6      | Gained mutation: Your spells are a little harder to cast, but a little more powerful. [mutagenic meat]
  6550 | D:6      | Gained mutation: Your skin blends seamlessly with your surroundings (Stealth++). [mutagenic meat]
  6551 | D:6      | Gained mutation: One of your tentacles bears a spike. [mutagenic meat]
  6552 | D:6      | Gained mutation: Your body sometimes deteriorates upon taking damage. [mutagenic meat]
  6568 | D:6      | Found a sacrificial altar of Ru.
  6715 | D:6      | Gained mutation: You are surrounded by a mild repulsion field. (EV +2) [mutagenic meat]
  7338 | D:7      | Learned a level 4 spell: Ice Form
  7389 | D:7      | Reached skill level 1 in Ice Magic
  7721 | D:7      | Noticed Dowan
  7727 | D:7      | Noticed a hippogriff
  7850 | D:7      | Noticed Duvessa
  8082 | D:7      | Reached skill level 5 in Transmutations
  8082 | D:7      | Reached XP level 9. HP: 46/58 MP: 10/12
  9129 | D:8      | Found an iron altar of Okawaru.
  9169 | D:9      | Found a glowing silver altar of Zin.
  9197 | D:9      | Noticed Erica
  9258 | D:9      | Noticed Joseph
  9363 | D:9      | Killed Erica
  9679 | D:10     | Entered Level 10 of the Dungeon
  9679 | D:10     | Found Bumiuttioso's Antique Weapon Boutique.
  9721 | D:9      | Reached XP level 10. HP: 63/63 MP: 11/16
 10109 | D:10     | Reached skill level 8 in Unarmed Combat
 10773 | D:10     | Reached ** piety under Ashenzari
 10885 | D:10     | Reached skill level 9 in Unarmed Combat
 10925 | D:10     | Noticed a two-headed ogre
 11237 | D:9      | Noticed Maurice
 11245 | D:9      | Killed Maurice
 11550 | D:9      | Reached skill level 5 in Fighting
 12544 | D:9      | Killed Joseph
 12544 | D:9      | Reached skill level 10 in Unarmed Combat
 12544 | D:9      | Reached XP level 11. HP: 42/73 MP: 13/17
 13522 | D:7      | Killed Duvessa
 13526 | D:7      | Killed Dowan
 13757 | D:8      | Found a staircase to the Lair.
 13790 | Lair:1   | Entered Level 1 of the Lair of Beasts
 13841 | Lair:1   | Noticed a six-headed hydra
 14188 | Lair:1   | Noticed a five-headed hydra
 15231 | D:11     | Noticed a centaur warrior
 15248 | D:11     | Killed a centaur warrior
 15248 | D:11     | Reached skill level 11 in Unarmed Combat
 15725 | D:11     | Noticed a manticore
 15725 | D:11     | Noticed a manticore
 15740 | D:11     | Killed a manticore
 15744 | D:11     | Killed a manticore
 16298 | D:11     | Reached *** piety under Ashenzari
 16341 | D:12     | Found Temysonn's Armour Shop.
 16343 | D:12     | Found a staircase to the Orcish Mines.
 16355 | D:12     | Noticed Erolcha
 16481 | D:12     | Noticed a manticore
 16494 | D:12     | Killed a manticore
 16992 | D:11     | Reached XP level 12. HP: 79/85 MP: 11/18
 17157 | D:12     | Noticed Nessos
 17291 | D:12     | Reached skill level 5 in Dodging
 17291 | D:12     | Reached skill level 12 in Unarmed Combat
 17508 | D:12     | Noticed Azrael
 17519 | D:13     | Found Ykant's Book Boutique.
 17734 | D:13     | Noticed a tengu warrior
 17872 | D:13     | Killed a tengu warrior
 18214 | D:14     | Noticed Josephine
 18254 | D:13     | Found a flickering gateway to a bazaar.
 18259 | Bazaar   | Entered a bazaar
 18259 | Bazaar   | Found Iqiemext's Gadget Boutique.
 18259 | Bazaar   | Found Ohomuyn's General Store.
 18259 | Bazaar   | Found Wuorch's Assorted Antiques.
 18260 | Bazaar   | Found Mannoluf's Gadget Shoppe.
 18260 | Bazaar   | Found Nagehu's Distillery.
 18289 | Bazaar   | Bought a granite ring for 150 gold pieces
 18297 | Bazaar   | Bought a potion of agility for 36 gold pieces
 18297 | Bazaar   | Bought a potion of might for 36 gold pieces
 18297 | Bazaar   | Bought 2 potions of heal wounds for 90 gold pieces
 18297 | Bazaar   | Bought a potion of invisibility for 72 gold pieces
 18297 | Bazaar   | Bought a potion of heal wounds for 45 gold pieces
 18322 | D:13     | Noticed a centaur warrior
 18330 | D:13     | Killed a centaur warrior
 18330 | D:13     | Reached skill level 10 in Fighting
 18915 | D:13     | Found a gate to the Vaults.
 18934 | D:14     | Found Fakyph's Antique Weapon Shop.
 18941 | D:14     | Noticed a centaur warrior
 18946 | D:14     | Noticed a centaur warrior
 19261 | D:13     | Gained mutation: You are frail. (-10% HP) [mutagenic meat]
 19263 | D:13     | Gained mutation: Your system is resistant to poisons. (rPois) [mutagenic meat]
 19264 | D:13     | Gained mutation: You are somewhat resistant to further mutation. [mutagenic meat]
 19417 | D:13     | Killed a centaur warrior
 19417 | D:13     | Reached skill level 10 in Transmutations
 19550 | D:14     | Killed a centaur warrior
 19706 | D:13     | Lost mutation: Your body sometimes deteriorates upon taking damage. [mutagenic meat]
 19808 | D:12     | Learned a level 5 spell: Blade Hands
 20702 | D:11     | Reached XP level 13. HP: 52/82 MP: 14/19
 20947 | D:11     | Reached skill level 5 in Spellcasting
 21887 | D:12     | Killed Erolcha
 22203 | D:12     | Found a blossoming altar of Fedhas.
 22252 | Orc:1    | Entered Level 1 of the Orcish Mines
 22268 | Orc:1    | Found Kusac's Weapon Shoppe.
 22398 | Orc:1    | Noticed Harold
 22406 | Orc:2    | Entered Level 2 of the Orcish Mines
 22480 | D:13     | Killed Josephine
 22904 | D:14     | Found a sparkling altar of Nemelex Xobeh.
 23079 | D:14     | Found a portal to a secret trove of treasure.
 23528 | D:15     | Entered Level 15 of the Dungeon
 25264 | Lair:2   | Found a staircase to the Shoals.
 25510 | Lair:2   | Noticed Fannar
 25520 | Lair:2   | Killed Fannar
 26044 | Lair:3   | Reached **** piety under Ashenzari
 26378 | Lair:3   | Found a staircase to the Snake Pit.
 26963 | Lair:3   | Reached XP level 14. HP: 95/95 MP: 19/21
 28037 | Shoals:1 | Entered Level 1 of the Shoals
 28159 | Snake:1  | Entered Level 1 of the Snake Pit
 28812 | Lair:5   | Reached skill level 13 in Unarmed Combat
 29200 | Lair:5   | Noticed a dire elephant
 29505 | Lair:5   | Noticed a dire elephant
 29512 | Lair:6   | Entered Level 6 of the Lair of Beasts
 29530 | Lair:6   | Reached ***** piety under Ashenzari
 30190 | Lair:6   | Reached skill level 14 in Unarmed Combat
 30694 | Lair:6   | Found a runed door.
 31209 | Lair:6   | Found a staircase to the Slime Pits.
 31810 | Lair:6   | Reached skill level 15 in Unarmed Combat
 34054 | D:12     | Reached XP level 15. HP: 98/99 MP: 21/22
 34234 | D:12     | Shot with an arrow by Nessos

Skill      XL: |  1  2  3  4  5  6  7  8  9 10 11 12 13 14 |
---------------+-------------------------------------------+-----
Transmutations | 3 4 5 8 11 | 11.0
Poison Magic   | 1 2 3 |  3.0
Unarmed Combat | 5 6 7 10 11 12 15 | 15.9
Shields        | 3 4 |  4.2
Fighting       | 4 6 9 10 13 | 13.0
Ice Magic      | 3 4 |  4.2
Spellcasting   | 4 5 |  5.1
Dodging        | 4 6 8 |  8.1

Action                   |  1- 3 |  4- 6 |  7- 9 | 10-12 | 13-15 || total
-------------------------+-------+-------+-------+-------+-------++-------
Melee: Unarmed           |   104 |   138 |   286 |   630 |   729 ||  1887
       Constrict         |    21 |     6 |     5 |     8 |    14 ||    54
       Tentacles         |     8 |     4 |     2 |     5 |    31 ||    50
       Kick              |     5 |       |     4 |     9 |    39 ||    57
       Punch             |     1 |       |       |     2 |     7 ||    10
 Cast: Beastly Appendage |     6 |       |       |     1 |       ||     7
       Spider Form       |    10 |    37 |    44 |     8 |       ||    99
       Ice Form          |       |       |     8 |    71 |    84 ||   163
       Blade Hands       |       |       |       |     2 |    15 ||    17
Invok: Curse Item        |       |       |     1 |     1 |     2 ||     4
 Abil: End Transformatio |       |       |       |       |     1 ||     1
  Use: Scroll            |       |       |       |    10 |     3 ||    13
       Potion            |       |       |       |     3 |     5 ||     8
 Stab: Sleeping          |     4 |     3 |       |     3 |     5 ||    15
       Distracted        |       |       |       |     1 |     2 ||     3
  Eat: Chunk             |     3 |    12 |    28 |    57 |    45 ||   145
       Bread ration      |       |     1 |       |       |     3 ||     4
       Fruit             |       |       |     2 |       |       ||     2
       Meat ration       |       |       |       |       |     1 ||     1
Armor: Skin              |    14 |    11 |    16 |    61 |    70 ||   172
Dodge: Dodged            |    98 |   116 |   280 |   501 |   716 ||  1711
Block: Buckler           |       |       |     1 |     2 |     2 ||     5
